 Dungeon Crawl Stone Soup version 0.26.1-11-gd32895ea62 (webtiles) character file.

Game seed: 2203468608401896124

218 Exodus22XD the Chopper (level 5, 0/47 HPs)
             Began as a Hill Orc Monk on Apr 30, 2021.
             Slain by Sigmund
             ... wielding a +3 scythe of pain
              (5 damage)
             ... on level 3 of the Dungeon.
             The game lasted 00:04:04 (4078 turns).

Exodus22XD the Chopper (Hill Orc Monk)              Turns: 4078, Time: 00:04:04

Health: 0/47       AC:  8    Str: 15    XL:     5   Next: 95%
Magic:  5/5        EV: 10    Int: 10    God:
Gold:   141        SH:  0    Dex: 13    Spells: 4/4 levels left

rFire    . . .     SeeInvis .   a - +0 hand axe
rCold    . . .     Faith    .   (no shield)
rNeg     . . .     Spirit   .   n - +0 scale mail
rPois    .         Reflect  .   (no helmet)
rElec    .         Harm     .   r - +0 cloak
rCorr    .         Rampage  .   (no gloves)
Will     .....                  (no boots)
Stlth    ..........             (no amulet)
HPRegen  0.15/turn              (no ring)
MPRegen  0.09/turn              (no ring)

@: no status effects
A: no striking features
a: no special abilities


You were on level 3 of the Dungeon.
You visited 1 branch of the dungeon, and saw 3 of its levels.

You collected 141 gold pieces.

Inventory:

Hand Weapons
 a - a +0 hand axe (weapon)
Armour
 n - a +0 scale mail (worn)
 r - a +0 cloak (worn)
Wands
 p - a wand of flame (17)
Scrolls
 c - 3 scrolls of magic mapping
 i - 2 scrolls of enchant armour {unknown}
 j - 2 scrolls of teleportation
 k - a scroll of amnesia {unknown}
 l - 3 scrolls of remove curse {unknown}
 m - 2 scrolls of fear {unknown}
Potions
 d - a potion of brilliance {unknown}
 e - 3 potions of attraction
 f - a potion of resistance
 g - a potion of flight {unknown}
 h - a potion of magic {unknown}
 q - a potion of ambrosia {unknown}


   Skills:
 + Level 4.8 Fighting
 + Level 6.1 Axes
 * Level 3.6 Armour
 - Level 2.4 Dodging
 - Level 1.5 Stealth


You had 4 spell levels left.
You didn't know any spells.
Your spell library was empty.

Dungeon Overview and Level Annotations

Branches:
Dungeon (3/15)

Altars:
Cheibriados
Dithmenos
Nemelex Xobeh
The Shining One

Annotations:
D:3 Sigmund


Message History

Your surroundings suddenly seem different.
You are too confused!
Unknown command.
You feel less confused.
You hear a shout!
There is a strange disturbance nearby!
Sigmund appears from thin air!
Reactivating autopickup.
Sigmund casts a spell at you. You resist with some effort.
Sigmund points at you and mumbles some strange words.
You resist with some effort. Sigmund closely misses you.
Sigmund screams, "Don't try to resist!"
Sigmund gestures at you while chanting. You resist with some effort.
You hit Sigmund.
Sigmund is severely wounded.
Sigmund hits you with a +3 scythe of pain.
You die...

......# #...........# ##.##....
......# #...........#####.#....#
......# #......................#
.....[# #.......##.#######......
.....## #......>##.## #......
.....### #.......##..#####..#....
.......###........<.....##.#....#
(........#.......####.#.......###
................@# #.#....#.####
......#.#......@.####......#.....
......#...##..#..................
.....####........................
....## ##.............<.[........
########.>........##....)........
#.................##.............
#.................##.............
#...............รท................


You could see Sigmund.

Vanquished Creatures
  A hound (D:2)
  Jessica (D:3)
  Natasha (D:2)
  8 adders
  An ooze (D:2)
  A dart slug (D:3)
  A leopard gecko (D:1)
  3 orcs
  12 bats
  A giant cockroach (D:3)
  8 goblins
  6 hobgoblins
  3 jackals (D:2)
  2 frilled lizards
  6 kobolds
  5 rats
60 creatures vanquished.

Notes
Turn   | Place    | Note
-------+----------+-------------------------------------------
     0 | D:1      | Exodus22XD the Hill Orc Monk began the quest for the Orb.
     0 | D:1      | Reached XP level 1. HP: 19/19 MP: 1/1
   315 | D:1      | Reached XP level 2. HP: 24/27 MP: 2/2
   592 | D:1      | Reached skill level 1 in Armour
  1015 | D:2      | Reached XP level 3. HP: 31/33 MP: 3/3
  1432 | D:2      | Reached skill level 5 in Axes
  1742 | D:2      | Reached XP level 4. HP: 15/40 MP: 4/4
  2075 | D:2      | Found a shadowy altar of Dithmenos.
  2377 | D:2      | Found a faded altar of an unknown god.
  2434 | D:2      | Found a glowing golden altar of the Shining One.
  2609 | D:2      | Found a sparkling altar of Nemelex Xobeh.
  2632 | D:3      | Noticed Jessica
  2645 | D:3      | HP: 2/41 [hobgoblin/+0 club (2)]
  2646 | D:3      | Killed Jessica
  2647 | D:3      | Reached XP level 5. HP: 3/47 MP: 5/5
  2990 | D:2      | HP: 2/47 [poisoned by an adder]
  3488 | D:3      | Noticed Sigmund
  3491 | D:3      | Noticed Natasha
  3592 | D:3      | Found a snail-covered altar of Cheibriados.
  3599 | D:3      | Reached skill level 6 in Axes
  3789 | D:2      | Killed Natasha
  4048 | D:3      | HP: 2/47 [something (8)]
  4078 | D:3      | Slain by Sigmund

Illustrated notes

Levels and vault maps discovered:
D:1:      erik_arrival_blinker_ship, layout_loops_ring
D:2:      layout_loops_ring, nicolae_dithmenos_through_a_glass_darkly,
          lemuel_round_altar, chequers_ecumenical_altar_island,
          nemelex_dance_club_becter
D:3:      layout_rooms, kennysheep_slug_shrine, uniq_sigmund, uniq_natasha,
          uniq_jessica

Skill      XL: |  1  2  3  4  5 |
---------------+----------------+-----
Fighting       | 4 |  4.8
Armour         | 1 2 3 |  3.6
Axes           | 5 6 |  6.1
Dodging        | |  2.4
Stealth        | |  1.5

Action                   |  1- 3 |  4- 6 || total
-------------------------+-------+-------++-------
Melee: Hand axe          |   155 |   142 ||   297
  Use: Scroll            |     4 |     2 ||     6
       Potion            |       |     1 ||     1
Armor: Ring mail         |    43 |    11 ||    54
       Robe              |     1 |       ||     1
       Scale mail        |       |    52 ||    52
Dodge: Dodged            |    94 |    97 ||   191
